 Seeded DCSS version 0.30.1-4-g462c640d31 (webtiles) character file.

Game seed: 6351066067085065685 (custom seed)

19 Esekla the Grave Robber (level 2, 0/15 HPs)
             Began as a Deep Elf Necromancer on Aug 19, 2023.
             Was an Initiate of Vehumet.
             Slain by an adder (3 damage)
             ... on level 2 of the Dungeon.
             The game lasted 00:08:24 (1099 turns).

Esekla the Grave Robber (Deep Elf Necromancer)      Turns: 1099, Time: 00:08:24

Health: 0/15       AC:  4    Str:  5    XL:     2   Next: 55%
Magic:  8/8        EV: 10    Int: 19    God:    Vehumet [......]
Gold:   116        SH:  0    Dex: 18    Spells: 6/7 levels left

rFire   . . .        n - +5 rapier of the Hero {heavy, rN+ Dex+3}
rCold   . . .        (no shield)
rNeg    + . .        a - +0 robe
rPois   .            h - +0 helmet
rElec   .            (no cloak)
rCorr   .            j - +0 pair of gloves
SInv    .            (no boots)
Will    .....        (no amulet)
Stlth   ++           (no ring)
HPRegen 0.22/turn    (no ring)
MPRegen 0.11/turn

%: no passive effects
@: grasped by roots, constricted
A: no striking features
a: Renounce Religion


You were on level 2 of the Dungeon.
You worshipped Vehumet.
Vehumet was noncommittal.
You visited 1 branch of the dungeon, and saw 4 of its levels.

You collected 116 gold pieces.

Inventory:

Hand Weapons
 n - the +5 rapier of the Hero (weapon) {heavy, rN+ Dex+3}
   (You found it on level 3 of the Dungeon)

   Dex:       It affects your dexterity (+3).
   rN:        It protects you from negative energy.
Armour
 a - a +0 robe (worn)
 h - a +0 helmet (worn)
 j - a +0 pair of gloves (worn)
Scrolls
 e - a scroll of fear {unknown}
 l - a scroll of amnesia {unknown}
 m - a scroll of immolation {unknown}
Potions
 b - a potion of magic
 d - a potion of ambrosia {unknown}
 f - a potion of haste {unknown}
 g - a potion of mutation {unknown}
 i - a potion of curing {unknown}
 k - a potion of attraction {unknown}


   Skills:
 + Level 0.4 Short Blades
 * Level 2.7 Dodging
 + Level 2.5 Stealth
 * Level 3.2 Spellcasting
 + Level 5.2 Necromancy


You had 6 spell levels left.
You knew the following spells:

 Your Spells              Type           Power      Damage    Failure   Level
a - Necrotise             Necr           92%        1d8       1%          1

Your spell library contained the following spells:

 Spells                   Type           Power      Damage    Failure   Level
 Vampiric Draining        Necr           23%        2d7       4%          3
 Animate Dead             Necr           23%        N/A       17%         4
 Agony                    Necr           23%        N/A       43%         5


Dungeon Overview and Level Annotations

Branches:
Dungeon (4/15)
 Temple: D:4-7

Altars:
Okawaru
Vehumet
Zin
The Shining One

Shops:
D:2 =


Message History

You kill the hobgoblin!
Vehumet accepts your kill.
Found 3 stones.
You see here 3 stones.
Found 4 stones.
A ball python comes into view.
The helpless ball python fails to defend itself.
You hit the ball python.
You kill the ball python!
Vehumet accepts your kill.
Found a scroll labelled QUTAMUDAXU.
m - a scroll labelled QUTAMUDAXU
Found a dazzling rapier.
Found a stone staircase leading up.
You see here the +5 rapier of the Hero {heavy, rN+ Dex+3}.
n - the +5 rapier of the Hero {heavy, rN+ Dex+3} You feel agile.
n - the +5 rapier of the Hero (weapon)
{heavy, rN+ Dex+3} You drop a +0 short sword.
There is a stone staircase leading up here.
You climb upwards.
There is a stone staircase leading down here.
An adder comes into view.
Found a scroll labelled LIXOR VONLAKI.
A frilled lizard comes into view.
A goblin comes into view.
It is wielding a +0 dagger and carrying a wand of roots (9).
The frilled lizard hisses angrily.
The goblin shouts!
The goblin zaps a wand.
The roots erupt in riotous growth!
The adder is unaffected.
The grasping roots grab you! The grasping roots constrict you.
The adder closely misses you.
You hit the adder.
The adder is heavily wounded.
The grasping roots constrict you. The adder barely misses you. x2
The grasping roots constrict you.
* * * LOW HITPOINT WARNING * * *
You miss the adder.
The adder is heavily wounded.
The adder bites you.
You die...

#.#...###...........
#.........>....##..#
#.....###.####.##..#
#..#.## #.# #..#
#..#.# #.# .##..#
#..#.# ... .....#
#..#.###..# ......
#..#g.....# ..####
#..@S.l...# .. #
#....?..... .
##.#####... .. #.# #
### #.. ###


You could see an adder, a goblin and a frilled lizard.

Vanquished Creatures
  3 orcs (D:3)
  2 ball pythons
  An endoplasm (D:3)
  A goblin (D:3)
  2 hobgoblins (D:3)
  2 bats (D:3)
  2 frilled lizards
  3 kobolds
16 creatures vanquished.

Notes
Turn   | Place    | Note
-------+----------+-------------------------------------------
     0 | D:1      | Esekla the Deep Elf Necromancer began the quest for the
                  | Orb.
     0 | D:1      | Reached XP level 1. HP: 10/10 MP: 6/6
   159 | D:1      | Reached skill level 5 in Necromancy
   320 | D:2      | Found Renulab's Jewellery Shop.
   406 | D:4      | Found an iron altar of Okawaru.
   440 | D:4      | Found a glowing silver altar of Zin.
   488 | D:4      | Found a radiant altar of Vehumet.
   492 | D:4      | Became a worshipper of Vehumet
   582 | D:4      | Found a glowing golden altar of the Shining One.
   679 | D:3      | Reached XP level 2. HP: 15/15 MP: 8/8
  1028 | D:3      | Identified the +5 rapier of the Hero {heavy, rN+ Dex+3}
  1099 | D:2      | Slain by an adder

Illustrated notes

Levels and vault maps discovered:
D:1:      sevenhm_arrival_forest_fort_small_3, layout_rooms,
          chequers_serial_rivers_room_b, minmay_misc_feat_five
D:2:      layout_loops_ring, dreamdust_ecumenical_altar_angels_and_demons,
          serial_shops, shop
D:3:      layout_basic, grunt_temple_overflow_open, minmay_misc_feat_iff
D:4:      layout_basic, nicolae_overflow_quartered_altars, serial_shops,
          nicolae_diamond_shop

Skill      XL: |  1 |
---------------+----+-----
Necromancy     | 5 |  5.2
Short Blades   | |  0.4
Dodging        | |  2.7
Stealth        | |  2.5
Spellcasting   | |  3.2

Action                     || total
---------------------------++-------
  Melee: Short sword       ||   101
         Unarmed           ||     3
         Rapier            ||     2
   Stab: Sleeping          ||     3
 Armour: Robe              ||    33
  Dodge: Dodged            ||    65
